 Dungeon Crawl Stone Soup version 0.31.0-12-g77e489cdc1 (webtiles) character file.

Game seed: 18428166879421918043

1775 Curundu the Cleaver (level 8, -3/109 HPs)
             Began as a Minotaur Berserker on Feb 13, 2024.
             Was a Priest of Trog.
             Killed from afar by Maggie (14 damage)
             ... with a bolt of fire
             ... on level 6 of the Dungeon.
             The game lasted 00:13:53 (4335 turns).

Curundu the Cleaver (Minotaur Berserker)            Turns: 4335, Time: 00:13:53

Health: -3/109     AC: 14    Str: 24    XL:     8   Next: 80%
Magic:  7/7        EV: 10    Int:  4    God:    Trog [***...]
Gold:   230        SH:  0    Dex: 10    Spells: 7/7 levels left

rFire   . . .        f - +0 hand axe (heavy)
rCold   . . .        (no shield)
rNeg    . . .        e - +0 chain mail
rPois   .            (helmet restricted)
rElec   .            y - +2 cloak
rCorr   .            (no gloves)
SInv    .            (no boots)
Will    ++...        c - amulet of regeneration Stlth
                     (no ring)
HPRegen 2.18/turn    (no ring)
MPRegen 0.10/turn

%: no passive effects
@: berserking, strong-willed (expiring), regenerating (expiring), very quick
A: horns 2, retaliatory headbutt
a: Renounce Religion, Berserk, Trog's Hand


You were on level 6 of the Dungeon.
You worshipped Trog.
Trog was most pleased with you.
You visited 1 branch of the dungeon, and saw 6 of its levels.
You also visited: Sewer.

You collected 230 gold pieces.

Inventory:

Hand Weapons
 f - a +0 heavy hand axe (weapon)
Armour
 e - a +0 chain mail (worn)
 y - a +2 cloak (worn)
Jewellery
 c - an amulet of regeneration (around neck)
 n - the amulet of Qoseo {RegenMP ^Drain rN++ Str+5}
   (You found it on level 3 of the Dungeon)

   [amulet of magic regeneration]

   RegenMP:   It increases your rate of magic regeneration.
   Str+5:     It affects your strength (+5).
   rN++:      It greatly protects you from negative energy.
   ^Drain:    It drains your maximum health when unequipped.
 o - a +6 ring of dexterity
Wands
 x - a wand of flame (11)
Scrolls
 b - a scroll of torment {unknown}
 d - 9 scrolls of identify {unknown}
 g - 4 scrolls of fear {unknown}
 h - 2 scrolls of enchant armour {unknown}
 i - a scroll of poison {unknown}
 k - 2 scrolls of fog {unknown}
 p - a scroll of amnesia {unknown}
 q - a scroll of teleportation {unknown}
 r - a scroll of summoning {unknown}
 u - a scroll of vulnerability {unknown}
Potions
 a - 2 potions of heal wounds {unknown}
 j - a potion of lignification {unknown}
 l - 2 potions of curing {unknown}
 m - 3 potions of degeneration {unknown}
 s - a potion of haste {unknown}
 t - a potion of brilliance {unknown}
 v - a potion of invisibility {unknown}
 w - a potion of resistance {unknown}


   Skills:
 + Level 7.3 Fighting
 + Level 9.1 Axes
 + Level 8.0 Armour
 + Level 3.9 Dodging
 + Level 1.0 Stealth


You had 7 spell levels left.
You didn't know any spells.
Your spell library was empty.

Dungeon Overview and Level Annotations

Branches:
Dungeon (6/15)              Sewer (visited)
 Temple: D:4-7

Altars:
Elyvilon
Hepliaklqana
Kikubaaqudgha
Yredelemnul

Shops:
D:3 *   D:4 *=*:

Annotations:
D:6 Maggie


Innate Abilities, Weirdness & Mutations

You have a pair of horns on your head.
You reflexively headbutt those who attack you in melee.


Message History

The bolt of fire hits you!
You barely miss Maggie.
Maggie is lightly wounded.
Maggie hits you but does no damage.
You hit Maggie. You headbutt Maggie, but do no damage.
Maggie is lightly wounded.
Maggie gestures wildly while chanting.
Maggie attempts to bespell you! You resist with almost no effort.
You slash Maggie!
Maggie is moderately wounded.
Maggie mumbles some strange words.
Maggie attempts to bespell you! You resist with almost no effort.
You barely miss Maggie.
Maggie is moderately wounded.
Maggie closely misses you. Maggie casts a spell at you.
The bolt of fire misses you.
Unknown command.
You hit Maggie but do no damage. You headbutt Maggie.
Maggie is heavily wounded.
You feel the effects of Trog's Hand fading.
Maggie hits you with a +2 glaive of flaming!
Maggie burns you.
You completely miss Maggie. Your headbutt misses Maggie.
Maggie is heavily wounded.
Maggie hits you with a +2 glaive of flaming!
* * * LOW HITPOINT WARNING * * *
Maggie burns you.
* * * LOW HITPOINT WARNING * * *
You hit Maggie.
Maggie is heavily wounded.
Maggie gestures at you while chanting. The bolt of fire hits you!
* * * LOW HITPOINT WARNING * * *
Maggie hits you but does no damage.
A red film seems to cover your vision as you go berserk!
You feel yourself moving faster!
You feel mighty! Maggie gestures at you while chanting.
The bolt of fire hits you!
You die...

#........# # ##........#
#.#.........###
##.#.#.#.......
............>###
#.............#
##.........#.#.# ##♣♣♣♣
.........)...#.####...♣.
##.###.@.#)..#.##......♣
#.@.#)...........♣♣
#............#..♣♣
#..............##♣♣
##......#......#
......#.#......#
..##.##.#......### ..#
#.##.#........# #.
#.#.#......#


You could see Maggie.

Vanquished Creatures
  Grinder (D:6)
  A wraith (D:5)
  An ice beast (D:5)
  A sky beast (D:5)
  3 ogres
  2 phantoms
  A kobold brigand (Sewer)
  A brain worm (Sewer)
  A bullfrog (D:6)
  A scorpion (D:4)
  A jelly (D:4)
  Crazy Yiuf (D:6)
  A hound (D:5)
  3 orc priests
  A sleepcap (D:4)
  Terence (D:2)
  2 iguanas
  4 orc wizards
  8 adders
  4 river rats (Sewer)
  A ribbon worm (D:4)
  A dart slug (D:3)
  20 orcs
  8 ball pythons
  9 endoplasms
  6 giant cockroaches (D:4)
  8 goblins
  3 hobgoblins
  5 jackals
  5 kobolds
  2 quokkas
  5 bats
  3 frilled lizards
  7 rats
122 creatures vanquished.

Notes
Turn   | Place    | Note
-------+----------+-------------------------------------------
     0 | D:1      | Curundu the Minotaur Berserker began the quest for the Orb.
     0 | D:1      | Reached XP level 1. HP: 19/19 MP: 0/0
   109 | D:1      | Reached XP level 2. HP: 27/27 MP: 1/1
   179 | D:1      | Reached skill level 4 in Axes
   696 | D:2      | You fall into a shaft and drop 1 floor!
   857 | D:2      | Noticed Terence
   863 | D:2      | Killed Terence
   864 | D:2      | Reached XP level 3. HP: 26/34 MP: 2/2
  1198 | D:2      | Reached XP level 4. HP: 36/41 MP: 3/3
  1258 | D:2      | Reached ** piety under Trog
  1466 | D:3      | Noticed a phantom
  1474 | D:3      | Killed a phantom
  1475 | D:3      | Reached skill level 5 in Axes
  1475 | D:3      | Reached XP level 5. HP: 35/47 MP: 4/4
  1530 | D:3      | Found a faded altar of an unknown god.
  1551 | D:3      | Found a white marble altar of Elyvilon.
  1649 | D:3      | Identified the amulet of Qoseo {RegenMP ^Drain rN++ Str+5}
  1882 | D:3      | Found Ahos's Assorted Antiques.
  2115 | D:4      | Reached skill level 5 in Fighting
  2115 | D:4      | Reached skill level 6 in Axes
  2115 | D:4      | Reached XP level 6. HP: 56/56 MP: 5/5
  2145 | D:4      | Found a glowing drain.
  2166 | Sewer    | Entered a sewer
  2380 | Sewer    | Reached *** piety under Trog
  2625 | D:4      | Found Meebokk's Assorted Antiques.
  2639 | D:4      | Found a hazy altar of Hepliaklqana.
  2641 | D:4      | Reached skill level 7 in Axes
  2647 | D:4      | Reached skill level 5 in Armour
  2647 | D:4      | Reached XP level 7. HP: 46/61 MP: 6/6
  2705 | D:4      | Found Kikhlasha's Jewellery Shoppe.
  2939 | D:4      | Found Reec's General Store.
  2987 | D:4      | Found Jugip's Book Shoppe.
  3232 | D:5      | Entered Level 5 of the Dungeon
  3232 | D:5      | Noticed a wraith
  3245 | D:5      | Killed a wraith
  3284 | D:5      | Reached XP level 8. HP: 57/71 MP: 7/7
  3340 | D:5      | Identified the +3 war axe of Ru's Hope {heavy, rCorr
                  | Stlth+}
  3366 | D:5      | Reached skill level 8 in Axes
  3510 | D:5      | Found a basalt altar of Yredelemnul.
  3536 | D:5      | Reached skill level 1 in Stealth
  3658 | D:5      | Found an ancient bone altar of Kikubaaqudgha.
  4229 | D:6      | Noticed Grinder
  4243 | D:6      | Killed Grinder
  4259 | D:6      | Reached skill level 9 in Axes
  4275 | D:6      | Found a runed translucent door.
  4276 | D:6      | Noticed Crazy Yiuf
  4282 | D:6      | Killed Crazy Yiuf
  4319 | D:6      | Noticed Maggie
  4335 | D:6      | Killed from afar by Maggie

Illustrated notes

Levels and vault maps discovered:
D:1:      heliophobic_arrival_battle_scene, layout_rooms
D:2:      layout_basic, uniq_terence
D:3:      layout_loops_ring, mainiacjoe_overflow_brackets,
          basic_ecumenical_altar, serial_shops, nicolae_shop_trees,
          chequers_serial_rivers_room_a, amcnicky_mini_corridor_feature,
          nicolae_twisty_statue_hallways
D:4:      layout_gridville, mainiacjoe_overflow_six_doors_small,
          portal_sewer_entry_a, serial_shops, shop,
          nicolae_shop_tiny_waterfront, shop_fountains,
          nicolae_shop_gaudy_bauble, chequers_serial_rivers_large_b,
          hangedman_abyss_or_decor_slice, nrook_uturn, hangedman_glass_teeth
D:5:      layout_loops_corners, mainiacjoe_overflow_boulevard,
          mainiacjoe_overflow_cross_hatched, hangedman_decor_points
D:6:      layout_basic, uniq_maggie, uniq_grinder, uniq_crazy_yiuf_cottage

Skill      XL: |  1  2  3  4  5  6  7  8 |
---------------+-------------------------+-----
Axes           | 4 5 6 7 9 |  9.1
Fighting       | 4 5 6 7 |  7.3
Armour         | 3 4 5 6 8 |  8.0
Dodging        | 3 |  3.9
Stealth        | 1 |  1.0

Action                     |  1- 3 |  4- 6 |  7- 9 || total
---------------------------+-------+-------+-------++-------
  Melee: Hand axe          |    49 |    99 |   108 ||   256
         Headbutt          |     7 |     9 |    21 ||    37
         Punch             |     1 |       |     1 ||     2
 Invoke: Trog's Hand       |       |     2 |     6 ||     8
         Berserk           |       |       |     2 ||     2
 Armour: Animal skin       |     7 |       |       ||     7
         Chain mail        |    37 |   103 |   108 ||   248
  Dodge: Dodged            |    32 |    50 |    45 ||   127
